Map: Base du roi Sejong EC

Players

zidar

  • Race: Zerg Zerg
  • League: Platinum
  • Spawn Location: 11:00

OCB - Winner!

  • Race: Terran Terran
  • League: Gold
  • Spawn Location: 5:00

VOD

Have the link to the VOD?

Description

Time

  • Played on: Nov. 2, 2016, 4:44 a.m.
  • Length: 23:03
Show
View Real Time Build Order
Export as new Build Order

zidar Zerg 

Build Orders: Hatch First 

Get SALT Encoding   

  12  0:02  Drone  
  13  0:12  Overlord  
  13  0:16  Drone  
  14  0:30  Drone x2  
  16  0:51  Hatchery  
  16  0:53  Drone  
  16  0:57  Extractor  
  16  0:59  Drone  
  16  1:16  Spawning Pool  
  15  1:20  Drone  
  16  1:31  Drone x2  
  18  1:34  Drone  
  19  1:42  Drone  
  20  2:05  Queen x2  
  24  2:09  Metabolic Boost  
  24  2:13  Zergling x2  
  24  2:16  Zergling x2  
  24  2:19  Zergling x2  
  26  2:35  Baneling Nest  
  25  2:47  Drone x3  
  28  2:51  Overlord x2  
  28  3:06  Evolution Chamber  
  28  3:11  Drone x4  
  31  3:17  Drone x2  
  31  3:19  Drone  
  33  3:38  Pneumatized Carapace  
  33  3:40  Lair  
  33  3:54  Drone x5  
  33  3:55  Drone x3  
  41  4:00  Zergling x4  
  43  4:05  Overlord x2  
  43  4:10  Zerg Melee Weapons Level 1  
  43  4:17  Extractor  
  42  4:34  Baneling x2  
  42  4:41  Extractor  
  42  4:44  Extractor  
  40  4:48  Drone x4  
  40  4:51  Drone  
  40  4:52  Drone x2  
  47  4:54  Baneling  
  47  4:56  Baneling  
  47  5:04  Drone x3  
  49  5:30  Zergling x2  
  49  5:31  Zergling x8  
  54  5:40  Drone x3  
  57  5:43  Zergling x4  
  57  5:46  Overlord x3  
  58  6:17  Hatchery  
  56  6:37  Hatchery  
  56  6:39  Spire  
  54  6:42  Zerg Melee Weapons Level 2  
  54  6:52  Evolution Chamber  
  53  6:54  Queen  
  53  6:56  Queen  
  57  7:10  Infestation Pit  
  57  7:13  Overseer  
  56  7:19  Drone x15  
  66  7:53  Spore Crawler  
  65  7:59  Corruptor x3  
  65  8:00  Corruptor x2  
  73  8:17  Zergling x18  
  80  8:29  Spore Crawler  
  75  8:44  Queen  
  76  8:48  Drone x8  
  76  8:54  Zergling x6  
  87  8:57  Overlord  
  87  9:06  Extractor  
  87  9:09  Extractor, Drone  
  86  9:12  Drone  
  87  9:28  Zergling x2  
  87  9:29  Zergling x14  
  87  9:31  Overlord x4  
  95  9:35  Hive  
  95  9:38  Zerg Ground Armor Level 1  
  95  9:42  Zerg Flyer Weapons Level 1  
  95  9:50  Zergling x8  
  99  10:12  Zergling x18  
  99  10:13  Zergling x6  
  111  10:18  Baneling x11  
  111  10:19  Baneling x3  
  104  10:40  Zergling x16  
  104  10:41  Zergling x8  
  79  11:14  Zergling x2  
  79  11:15  Zergling x16  
  79  11:36  Zergling x4  
  81  11:48  Hatchery  
  80  11:55  Zergling x32  
  80  11:59  Zergling x6  
  99  12:01  Baneling x2  
  99  12:02  Baneling x13  
  99  12:04  Zergling x2  
  100  12:12  Adrenal Glands  
  100  12:17  Zerg Ground Armor Level 2  
  100  12:18  Zerg Melee Weapons Level 3  
  100  12:19  Ultralisk Cavern  
  99  12:24  Zergling x26  
  112  12:38  Zergling x6  
  115  12:47  Baneling x14  
  115  12:53  Overlord  
  115  12:54  Overlord x3  
  63  13:17  Zergling x20  
  63  13:18  Zergling x10  
  73  13:22  Centrifical Hooks  
  73  13:23  Chitinous Plating  
  68  13:28  Ultralisk x3  
  83  13:43  Queen  
  83  13:44  Baneling  
  83  13:45  Baneling x10  
  85  14:13  Hatchery  
  84  14:38  Zerg Ground Armor Level 3  
  62  16:08  Ultralisk x2  
  37  17:47  Ultralisk x2  
  37  17:48  Ultralisk x2  
  61  18:18  Hatchery  
  51  19:39  Hatchery  
  50  19:59  Corruptor x3  
  54  20:00  Corruptor x3  
  62  21:04  Ultralisk  
Show
View Real Time Build Order
Export as new Build Order

OCB Terran - Winner!

Build Orders:  

Get SALT Encoding   

  12  0:02  SCV  
  14  0:14  SCV  
  14  0:20  Supply Depot  
  14  0:26  SCV  
  15  0:42  SCV  
  16  0:44  Barracks  
  16  0:54  Barracks  
  16  0:56  SCV  
  17  1:09  SCV  
  18  1:16  Supply Depot  
  18  1:21  SCV  
  19  1:33  Marine, SCV  
  19  1:37  Refinery  
  21  1:41  Marine  
  22  1:47  Orbital Command  
  22  1:52  Marine  
  23  2:00  Marine  
  24  2:10  Marine  
  24  2:14  SCV  
  26  2:20  Marine  
  27  2:27  Supply Depot  
  27  2:29  Marine  
  28  2:31  SCV  
  29  2:38  Marine, Bunker  
  29  2:43  SCV  
  31  2:49  Command Center  
  31  2:52  Marine  
  31  2:55  SCV  
  33  3:02  Marine, Factory  
  34  3:09  SCV  
  35  3:13  Supply Depot  
  35  3:14  Marine  
  36  3:27  Marine  
  36  3:32  Marine  
  38  3:34  SCV  
  38  3:37  Refinery  
  38  3:40  Bunker  
  39  3:45  Marine  
  39  3:46  SCV  
  41  3:50  Marine  
  41  3:55  Factory Tech Lab  
  42  3:57  Starport  
  42  4:03  Orbital Command  
  42  4:07  Marine  
  43  4:15  Bunker  
  45  4:26  Widow Mine  
  45  4:32  Barracks Tech Lab  
  45  4:40  Viking  
  45  4:42  Supply Depot  
  45  4:45  SCV  
  48  4:55  Siege Tank  
  51  5:07  Orbital Command  
  51  5:20  Liberator  
  51  5:26  Stimpack  
  51  5:29  Barracks Tech Lab  
  51  5:36  Barracks  
  51  5:41  SCV  
  55  5:50  Siege Tank  
  55  5:53  SCV  
  55  5:54  Marine x2  
  60  6:05  SCV x2  
  62  6:12  Marine  
  62  6:17  SCV x2  
  62  6:29  SCV  
  62  6:30  SCV  
  64  6:41  SCV  
  64  6:42  SCV  
  66  6:47  Starport Reactor  
  66  6:48  Barracks Reactor  
  66  6:53  Barracks, SCV  
  66  6:54  SCV  
  68  6:56  Supply Depot  
  68  6:57  Supply Depot  
  68  6:59  Engineering Bay  
  68  7:03  Marine x2  
  70  7:11  Liberator  
  70  7:18  SCV x2, Siege Tank  
  70  7:20  Marine  
  70  7:21  Marine  
  80  7:30  SCV x2  
  80  7:33  Missile Turret  
  80  7:34  Missile Turret  
  82  7:40  Refinery  
  82  7:41  Refinery  
  82  7:42  SCV x2  
  82  7:43  Marine x2  
  86  7:45  Barracks Reactor  
  86  7:46  Missile Turret  
  86  7:48  Barracks  
  86  7:53  Command Center  
  86  8:43  Siege Tank  
  86  8:57  Marine x6, Terran Infantry Armor Level 1  
  86  9:01  Barracks Tech Lab  
  92  9:03  Combat Shield  
  92  9:04  Barracks, Missile Turret  
  92  9:07  Medivac  
  94  9:15  Marine x6  
  94  9:16  Refinery  
  102  9:20  Missile Turret  
  102  9:23  Widow Mine  
  102  9:30  Supply Depot  
  102  9:33  Marine x5, Marauder x2  
  113  9:50  Marine x4  
  113  9:51  Marine, Widow Mine  
  113  9:52  Planetary Fortress  
  118  9:54  Marauder  
  118  9:55  Marauder  
  118  9:56  SCV  
  118  9:57  SCV  
  118  9:59  Marine  
  125  10:12  Supply Depot  
  125  10:33  Marine x4, Medivac  
  133  10:41  Widow Mine  
  133  10:49  Marine x2  
  133  10:50  SCV  
  133  10:52  Terran Infantry Weapons Level 1  
  133  10:55  Marine, SCV  
  133  10:59  Marine x5, Medivac  
  112  11:07  Marine x2  
  112  11:09  Widow Mine  
  114  11:12  Marine  
  114  11:17  Marine x5  
  120  11:25  Marine x2  
  109  11:30  Marine, SCV  
  108  11:34  Marine x5  
  110  11:40  Armory  
  110  11:42  SCV  
  110  11:43  Marine x2  
  111  11:47  Missile Turret  
  111  11:48  Marine  
  111  11:52  Marine x5  
  117  11:54  SCV  
  117  11:58  Siege Tank  
  117  12:01  Marine x2, Medivac x2  
  123  12:06  Marine, SCV x3  
  131  12:10  Marine x2  
  133  12:33  Missile Turret  
  133  12:34  Engineering Bay  
  133  12:36  Missile Turret  
  133  12:43  Marine x2, SCV x3, Siege Tank  
  141  12:55  SCV  
  88  13:17  Marine  
  88  13:18  Marine x6  
  88  13:19  Marine  
  96  13:33  Medivac x2  
  100  13:35  Marine x2  
  100  13:36  Marine x6  
  97  13:50  Terran Infantry Armor Level 2  
  97  13:51  Terran Infantry Weapons Level 2  
  97  13:53  Marine x3  
  97  13:54  Marine x5  
  105  13:59  Siege Tank  
  105  14:01  Terran Vehicle And Ship Armor Level 1  
  108  14:03  Medivac x2  
  112  14:11  Marine x4  
  112  14:12  Marine x4  
  112  14:16  Command Center  
  120  14:29  Marine x6  
  120  14:30  Marine x2  
  128  14:37  Supply Depot  
  128  14:39  Supply Depot  
  128  14:40  Supply Depot  
  128  14:47  Marine x7  
  128  14:48  Marine  
  136  15:02  Supply Depot  
  136  15:03  Supply Depot  
  136  15:04  Marine  
  136  15:05  Marine x7  
  144  15:07  Liberator x2  
  141  15:22  Marine x3  
  141  15:23  Marine x2, Marauder  
  141  15:24  Marauder x2  
  140  15:40  Marine x4  
  140  15:45  Marauder x3  
  145  15:50  Marine, Liberator x2  
  139  15:58  Marine x4  
  139  16:00  Planetary Fortress  
  143  16:06  Marauder x2  
  143  16:07  Marine, Marauder  
  155  16:16  Marine x4  
  155  16:17  Terran Infantry Armor Level 3  
  159  16:23  Siege Tank  
  162  16:25  Marine  
  162  16:27  Marine x3  
  162  16:32  Refinery, Liberator  
  166  16:33  Marine, Liberator  
  166  16:34  Marine x3  
  170  16:43  Marine  
  170  16:45  Marauder  
  170  16:46  Marauder x2  
  178  17:07  Marauder x3  
  180  17:28  Marauder x2  
  180  17:29  Marauder  
  129  17:50  Marauder x3  
  134  18:08  Command Center  
  134  18:11  Marauder x3  
  140  18:32  Marauder  
  140  18:33  Marauder x2  
  144  18:54  Marauder x3, Terran Infantry Weapons Level 3  
  120  19:08  Marine  
  120  19:09  Marine x4  
  125  19:13  Liberator  
  125  19:15  Marine x2, Marauder  
  129  19:26  Marine x2  
  129  19:27  Marine x3  
  137  19:33  Marine x2  
  137  19:36  Marine  
  140  19:44  Marine  
  141  19:47  Liberator  
  139  20:44  Marine  
  139  20:45  Marine x5  
  114  21:10  Planetary Fortress  
  110  21:34  Liberator x2  
  110  21:36  Missile Turret  
  110  21:39  Marine x2  
  108  21:40  Marine x6  
  121  21:57  Marine x3  
  121  21:58  Marine x3  
  127  22:02  Marauder x2  
  131  22:15  Marine  
  132  22:16  Marauder  
  132  22:23  Marauder  
Tags
 
Add a new tag
Caveats
  • Supply blocks, unpowered buildings, or Contaminate may cause inaccurate times.
  • Supply counts are checked every 10 seconds.